 Dungeon Crawl Stone Soup version 0.30-a0-469-g84de5afbc5 (webtiles) character file.

Game seed: 3791279579152156939

267931 Fonys the Imperceptible (level 19, -14/111 (112) HPs)
             Began as a Spriggan Enchanter on Dec 19, 2022.
             Was the Champion of Dithmenos.
             Demolished by a deep elf blademaster
             ... wielding a +2 rapier of venom
              (18 damage)
             ... on level 3 of the Elven Halls.
             The game lasted 01:57:26 (42556 turns).

Fonys the Imperceptible (Spriggan Enchanter)       Turns: 42556, Time: 01:57:27

HP:   -14/111 (112) AC: 14    Str:  5    XL:     19   Next: 74%
MP:   24/44         EV: 38    Int: 16    God:    Dithmenos [******]
Gold: 4635          SH:  0    Dex: 25    Spells: 29/58 levels left

rFire   + + .      SeeInvis +    a - +7 dagger
rCold   . . .      Faith    .    (no shield)
rNeg    . . .      Spirit   .    x - +1 steam dragon scales
rPois   +          Reflect  .    p - +2 hat "Cywir" {rF++}
rElec   +          Harm     .    s - +1 cloak of Intuition {rElec rPois}
rCorr   .          Rampage  .    (gloves unavailable)
Will    +++..                    (boots unavailable) Stlth *********+
                                 Q - amulet of regeneration
HPRegen 1.18/turn                D - +4 ring of protection
MPRegen 0.29/turn                B - ring of wizardry

@: on berserk cooldown, slowed, wreathed by umbra, lightly drained, quick
A: very small, no large weapons, unfitting armour, see invisible, speed 3, agile
1, robust 1, wild magic 1, MP-powered wands
}: 1/15 runes: gossamer
a: Renounce Religion, Shadow Step, Shadow Form


You were on level 3 of the Elven Halls.
You worshipped Dithmenos.
Dithmenos was exalted by your worship.
You visited 7 branches of the dungeon, and saw 34 of its levels.
You also visited: Gauntlet, Ice Cave and Volcano.

You collected 6353 gold pieces.
You spent 1718 gold pieces at shops.

Inventory:

Hand Weapons
 a - a +7 dagger (weapon)
 h - a +2 dagger of holy wrath
Missiles
 b - 8 atropa-tipped darts (quivered)
 A - 3 throwing nets
 L - 6 curare-tipped darts
Armour
 p - the +2 hat "Cywir" (worn) {rF++}
   (You found it on level 10 of the Dungeon)

   rF:        It greatly protects you from fire.
 s - the +1 cloak of Intuition (worn) {rElec rPois}
   (You acquired it on level 5 of the Dungeon)

   rElec:     It insulates you from electricity.
   rPois:     It protects you from poison.
 x - +1 steam dragon scales (worn)
Jewellery
 B - a ring of wizardry (right hand)
 D - a +4 ring of protection (left hand)
 N - a +4 ring of evasion
 Q - an amulet of regeneration (around neck)
 V - the amulet "Itriozi" {Acrobat Str+5 Int+2}
   (You found it on level 3 of the Spider Nest)

   [amulet of the acrobat]

   It increases your evasion while moving and waiting.
   Str:       It affects your strength (+5).
   Int:       It affects your intelligence (+2).
Wands
 w - a wand of quicksilver (4)
 y - a wand of polymorph (3)
 z - a wand of flame (49)
 E - a wand of mindburst (10)
 J - a wand of paralysis (19)
 M - a wand of digging (3)
 X - a wand of roots (3)
Scrolls
 f - 7 scrolls of fog
 l - a scroll of butterflies
 n - 5 scrolls of immolation
 t - 11 scrolls of fear
 u - 7 scrolls of vulnerability
 v - 8 scrolls of teleportation
 G - 27 scrolls of identify
 H - a scroll of magic mapping
 O - 8 scrolls of amnesia
 R - 3 scrolls of blinking
Potions
 d - 3 potions of brilliance
 e - 2 potions of resistance
 g - 3 potions of flight
 i - 5 potions of might
 j - 5 potions of lignification
 k - 7 potions of ambrosia
 m - 22 potions of curing
 o - 2 potions of cancellation
 q - 7 potions of invisibility
 r - 2 potions of haste
 P - 4 potions of magic
 S - 4 potions of heal wounds
 Z - 2 potions of mutation
Miscellaneous
 c - a tin of tremorstones (2/2)
 F - a box of beasts
 K - a lightning rod (4/4)
 W - a phial of floods
 Y - a phantom mirror


   Skills:
 + Level 12.0 Fighting
 - Level 12.0 Short Blades
 + Level 18.3 Dodging
 + Level 25.1 Stealth
 + Level 20.3 Spellcasting
 + Level 20.7 Hexes


You had 29 spell levels left.
You knew the following spells:

 Your Spells              Type           Power      Damage    Failure   Level
a - Ensorcelled Hibernat  Hex/Ice        100%       N/A       1%          2
b - Tukima's Dance        Hex            82%        N/A       1%          3
c - Dazzling Flash        Conj/Hex       100%       N/A       1%          3
d - Confusing Touch       Hex            82%        N/A       1%          3
e - Apportation           Tloc           42%        N/A       2%          1
f - Cause Fear            Hex            41%        N/A       1%          4
g - Discord               Hex            41%        N/A       2%          8
h - Blink                 Tloc           42%        N/A       3%          2
i - Stone Arrow           Conj/Erth      42%        3d9       6%          3

Your spell library contained the following spells:

 Spells                   Type           Power      Damage    Failure   Level
 Inner Flame              Hex/Fire       59%        N/A       1%          3
 Portal Projectile        Hex/Tloc       100%       N/A       1%          3
 Summon Guardian Golem    Hex/Summ       59%        N/A       1%          3
 Silence                  Hex/Air        29%        N/A       1%          5
 Foxfire                  Conj/Fire      84%        2x1d8     2%          1
 Freeze                   Ice            84%        1d9       2%          1
 Kiss of Death            Conj/Necr      84%        2d11      2%          1
 Magic Dart               Conj           84%        1d7       2%          1
 Necrotise                Necr           84%        1d8       2%          1
 Shock                    Conj/Air       84%        1d8       2%          1
 Sting                    Tmut/Pois      84%        1d7       2%          1
 Summon Small Mammal      Summ           84%        N/A       2%          1
 Call Imp                 Summ           21%        N/A       3%          2
 Cigotuvi's Dreadful Rot  Necr/Pois/Air  42%        N/A       3%          2
 Passwall                 Tmut/Erth      17%        N/A       3%          2
 Poisonous Vapours        Pois/Air       42%        N/A       3%          2
 Static Discharge         Conj/Air       42%        2-4/arc   3%          2
 Sublimation of Blood     Necr           21%        N/A       3%          2
 Call Canine Familiar     Summ           21%        N/A       6%          3
 Frozen Ramparts          Ice            42%        1d7       6%          3
 Hailstorm                Conj/Ice       21%        3d6       6%          3
 Ignite Poison            Fire/Tmut/Pois 21%        N/A       6%          3
 Mephitic Cloud           Conj/Pois/Air  21%        N/A       6%          3
 Ozocubu's Armour         Ice            21%        N/A       6%          3
 Swiftness                Air            21%        N/A       6%          3
 Vhi's Electric Charge    Tloc/Air       42%        N/A       6%          3
 Airstrike                Air            10%        2d(2-18)  17%         4
 Animate Armour           Summ/Erth      42%        N/A       17%         4
 Animate Dead             Necr           21%        N/A       17%         4
 Dispel Undead            Necr           21%        3d11      17%         4
 Manifold Assault         Tloc           21%        N/A       17%         4
 Olgreb's Toxic Radiance  Pois           21%        N/A       17%         4
 Passage of Golubria      Tloc           21%        N/A       17%         4
 Petrify                  Tmut/Erth      21%        N/A       17%         4
 Sticky Flame             Conj/Fire      21%        2d4       17%         4
 Arcjolt                  Conj/Air       10%        1d20      38%         5
 Blade Hands              Tmut           10%        N/A       38%         5
 Borgnjor's Vile Clutch   Necr/Erth      10%        N/A       38%         5
 Fireball                 Conj/Fire      10%        3d6       38%         5
 Freezing Cloud           Conj/Ice/Air   10%        6-21      38%         5
 Irradiate                Conj/Tmut      10%        3d15      38%         5
 Lee's Rapid Deconstruct  Erth           10%        3d8*      38%         5
 Lightning Bolt           Conj/Air       10%        1d23      38%         5
 Summon Forest            Summ/Tloc      10%        N/A       38%         5
 Death Channel            Necr           10%        N/A       89%         6
 Eringya's Noxious Bog    Tmut/Pois      10%        N/A       89%         6
 Starburst                Conj/Fire      10%        6d5       89%         6
 Dragon Form              Tmut           10%        N/A       100%        7
 Ozocubu's Refrigeration  Ice            10%        4d9       100%        7
 Storm Form               Tmut/Air       10%        N/A       100%        7
 Summon Hydra             Summ           10%        N/A       100%        7
 Ignition                 Fire           10%        3d5       100%        8
 Lehudib's Crystal Spear  Conj/Erth      10%        10d4      100%        8
 Summon Horrible Things   Summ           10%        N/A       100%        8
 Chain Lightning          Conj/Air       10%        3d14      100%        9
 Dragon's Call            Summ           10%        N/A       100%        9
 Fire Storm               Conj/Fire      10%        8d3       100%        9
 Shatter                  Erth           10%        3d12*     100%        9


Dungeon Overview and Level Annotations

Branches:
Dungeon (15/15)            Temple (1/1) D:7            Lair (5/5) D:11
 Shoals (0/4) Lair:3       Spider (4/4) Lair:2        Slime (0/5) Lair:4
    Orc (2/2) D:10            Elf (3/3) Orc:2        Vaults (4/5) D:13
  Crypt (0/3) Vaults:3     Depths (0/4) D:15          IceCv (visited)
Volcano (visited)         Gauntlet (visited)

Altars:
Cheibriados
Dithmenos
Elyvilon
Fedhas
Hepliaklqana
Kikubaaqudgha
Makhleb
Nemelex Xobeh
Okawaru
Sif Muna
Trog
Uskayaw
Xom
Zin
The Shining One
Jiyva
Lugonu

Shops:
D:4 (   D:5 [   D:10 :   Orc:1 =   Orc:2 ::[!   Elf:1 (   Elf:3 (   Vaults:2 *

Portals:
Hell: Lair:5
Abyss: Spider:1
Trove: D:14 (give 11 potions of heal wounds)

Annotations:
D:9 3 runed translucent doors, mn3067's ghost, journeyman MiGl
Lair:3 2 transporters, Kosuged's ghost, journeyman DgDe
Spider:3 2 transporters, Apeheil's ghost, adept HuAr; Lurphuyll's ghost, adept SpEn
Elf:2 3 runed translucent doors
Elf:3 Roxanne


Innate Abilities, Weirdness & Mutations

You are very small and have problems with some larger weapons.
You are too small for most types of armour.
You have supernaturally acute eyesight. (SInv)
You cover ground extremely quickly. (Speed+++)
You are agile. (Dex +4, Str/Int -1)
You are robust. (+10% HP)
Your spells are a little harder to cast, but a little more powerful.
You expend magic power (3 MP) to strengthen your wands.


Message History

The deep elf blademaster completely misses you.
The deep elf blademaster misses you.
You puncture the deep elf blademaster!
The deep elf blademaster is heavily wounded.
Your shadow barely misses the deep elf blademaster.
You feel sick.
The deep elf annihilator gestures wildly while chanting.
The deep elf annihilator blinks!
You puncture the deep elf blademaster!
The deep elf blademaster is severely wounded.
Your shadow barely misses the deep elf blademaster.
You feel sick.
The deep elf blademaster hits you with a +2 rapier of venom!
* * * LOW HITPOINT WARNING * * *
The deep elf blademaster hits you with a +2 rapier of venom!
* * * LOW HITPOINT WARNING * * *
Your +2 rapier of venom misses the deep elf blademaster.
You completely miss the deep elf blademaster.
The deep elf blademaster is severely wounded.
Your shadow hits the deep elf blademaster with a dagger.
Unknown command.
Unknown command.
You are too berserk!
Unknown command.
You emit a cloud of dark smoke.
You feel sick.
You feel a strong urge to attack something.
You emit a cloud of dark smoke.
You feel sick.
You feel sick.
You are too berserk!
You feel your anger nearly subside.
You are no longer berserk.
You are exhausted.
You feel yourself slow down.
* * * LOW HITPOINT WARNING * * *
You feel sick.
Unknown command.
You feel better.
The deep elf blademaster hits you with a +2 rapier of venom.
* * * LOW HITPOINT WARNING * * *
The deep elf blademaster hits you with a +2 rapier of venom!!
You die...

.# ##.....###.# .##
##.......##'## ..#
##........#...## ..#
#....).........## .##
#...)...........## '###
#...).).....)....# ...##
#..))............# ....##
#...)............# .....#
#§@§§...........## .....#
#§e§§§....#....## ....##
#§§e§.....##).## ...##
##§§§..........## #''#
#§##...##......## #..#
#.#.....#.......# #..##
####(#.............#
...)#########.(..'.............#
#...............)#.............#


You could see a deep elf blademaster (poisoned) and a deep elf annihilator.

Vanquished Creatures
  Mennas (Vaults:4)
  Arachne (Spider:4)
  Jorgrun (D:13)
  A lich (Vaults:3)
  A deep elf blademaster (Elf:3)
  2 sphinxes
  Kirke (D:12)
  A shadow dragon (Vaults:4)
  2 emperor scorpions (Spider:4)
  7 vault wardens
  A ghost moth (Spider:4)
  3 very ugly things
  A reaper (IceCv)
  4 ironbound preservers
  A broodmother (Spider:3)
  2 ironbound thunderhulks (Vaults:1)
  Nessos (D:13)
  A deep elf demonologist (Elf:3)
  A deep elf annihilator (Elf:3)
  A dire elephant (D:15)
  3 deep elf death magi
  A minotaur (Gauntlet)
  4 spark wasps
  An ettin (Vaults:1)
  Josephine (D:13)
  5 entropy weavers
  A fire dragon (D:15)
  2 yaktaur captains
  3 great orbs of eyes
  7 hydras
  3 vault guards
  4 centaur warriors
  7 boulder beetles
  4 ironbound frosthearts
  3 radroaches (Spider:3)
  6 two-headed ogres
  2 ogre magi (D:15)
  14 dancing weapons
  8 death yaks (Lair:4)
  3 tengu warriors
  6 deep elf knights
  6 steelbarb worms
  A sun demon (Lair:5)
  3 pharaoh ants
  3 sun moths
  A fire crab (Lair:5)
  3 orb spiders
  11 deep trolls
  A deep elf archer (Elf:3)
  5 ironbound convokers
  5 wizards
  2 necromancers
  An orc knight (Vaults:1)
  14 lindwurms
  9 deep elf pyromancers
  A harpy (Vaults:1)
  9 deep elf zephyrmancers
  A phantasmal warrior (Vaults:4)
  9 orc sorcerers (Orc:2)
  4 manticores
  A sphinx zombie (Vaults:1)
  11 ugly things
  A fire giant zombie (Vaults:2)
  4 moths of wrath
  13 wolf spiders
  A salamander (D:15)
  5 cyclopes
  4 human skeletons
  A fire giant skeleton (Vaults:1)
  3 vault sentinels
  3 molten gargoyles (Volcano)
  10 elephants
  A guardian serpent (shapeshifter) (D:13)
  2 ice statues (IceCv)
  3 orange demons (Lair:5)
  6 black mambas
  8 cane toads
  Maggie (D:10)
  A gargoyle (D:12)
  8 rime drakes
  3 unseen horrors
  9 komodo dragons
  3 torpor snails
  4 efreet
  6 demonic crawlers
  3 kobold demonologists (D:12)
  17 yaktaurs
  8 ice devils
  A freezing wraith (Vaults:3)
  A hellwing (Lair:5)
  2 red devils (Lair:5)
  2 tengu conjurers
  7 trolls
  8 tarantellas
  2 meliai (shapeshifter) (Elf:2)
  3 yaktaur skeletons (Vaults:2)
  Prince Ribbit (Lair:3)
  6 meliai
  4 polar bears
  35 slime creatures
  A spectral jumping spider (Spider:4)
  A sphinx simulacrum (Vaults:2)
  A hornet (D:9)
  4 dream sheep (Lair:4)
  A wind drake (shapeshifter) (Vaults:3)
  A spectral culicivora (Spider:4)
  17 blink frogs
  4 culicivoras
  10 jumping spiders
  5 water elementals
  An air elemental (Elf:1)
  2 centaur simulacra (D:15)
  7 wraiths
  3 wyverns
  8 fire elementals
  2 dire elephant simulacra (IceCv)
  6 basilisks
  2 death yak simulacra (IceCv)
  50 yaks
  2 human simulacra (Vaults:1)
  12 vampire mosquitoes
  5 steam dragons
  A harpy simulacrum (IceCv)
  5 wargs (Orc:2)
  27 redbacks
  4 acid dragons
  16 water moccasins
  Duvessa (D:4)
  2 ice beasts (D:7)
  5 hell hounds
  A glowing shapeshifter skeleton (Vaults:2)
  15 orc warriors
  A meliai simulacrum (D:15)
  3 sky beasts
  A black bear (Lair:3)
  7 ogres
  8 boggarts
  11 wolves
  6 centaurs
  A kobold brigand (D:8)
  15 bullfrogs
  A human zombie (Vaults:2)
  2 necrophages
  7 earth elementals
  2 two-headed ogre simulacra (IceCv)
  A cane toad simulacrum (IceCv)
  3 scorpions
  Dowan (D:4)
  3 killer bees (D:9)
  A vampire bat (Lair:1)
  7 electric eels
  9 howler monkeys
  7 crimson imps (D:12)
  A jelly (D:7)
  6 hounds
  13 orc priests
  2 iguanas (D:5)
  44 orc wizards
  7 hell rats (Lair:4)
  A polar bear simulacrum (IceCv)
  A troll simulacrum (IceCv)
  3 spriggan simulacra (IceCv)
  A wolf simulacrum (IceCv)
  6 gnolls
  10 adders
  3 naga simulacra (IceCv)
  2 shadow imps
  6 white imps
  An ufetubus (IceCv)
  A worm (D:3)
  A dart slug (D:2)
  76 orcs
  7 ball pythons
  5 endoplasms
  A giant cockroach (D:1)
  3 goblins
  3 hobgoblins
  8 jackals
  5 quokkas
  11 bats
  5 frilled lizards
  14 kobolds
  A butterfly (Lair:1)
  2 lurking horrors (Spider:1)
992 creatures vanquished.

Vanquished Creatures (collateral kills)
  A deep elf blademaster (Elf:3)
  3 deep elf master archers (Elf:3)
  An emperor scorpion (Spider:4)
  3 vault wardens
  5 deep elf sorcerers (Elf:3)
  2 deep elf elementalists (Elf:3)
  4 ironbound preservers
  An orc warlord (Vaults:3)
  An ironbound thunderhulk (Vaults:3)
  6 very ugly things
  4 deep elf annihilators (Elf:3)
  A dire elephant (Vaults:3)
  A spark wasp (Spider:4)
  2 deep elf death magi (Elf:3)
  2 deep elf high priests (Elf:3)
  3 great orbs of eyes
  5 yaktaur captains
  5 vault guards
  2 jorogumos
  A radroach (Spider:4)
  2 ironbound frosthearts
  7 death scarabs (Spider:4)
  Urug (D:10)
  A deep troll shaman (Vaults:3)
  A deep troll earth mage (Vaults:3)
  6 pharaoh ants (Spider:4)
  2 steelbarb worms
  An orb spider (Spider:3)
  8 deep trolls
  4 deep elf archers
  5 ironbound convokers
  A lindwurm (Vaults:2)
  An orc knight (Vaults:3)
  A wizard (Vaults:3)
  2 spectral wolf spiders (Spider:4)
  2 necromancers
  3 ugly things
  3 harpies (Vaults:1)
  A wolf spider zombie (Spider:4)
  8 deep elf pyromancers
  8 deep elf zephyrmancers
  6 wolf spiders
  2 dancing weapons
  3 moths of wrath
  A torpor snail (Spider:3)
  9 vault sentinels
  2 demonic crawlers
  A spectral redback (Spider:4)
  5 yaktaurs (Vaults:3)
  4 redback zombies (Spider:4)
  11 slime creatures
  2 spectral culicivoras (Spider:4)
  2 spectral tarantellas (Spider:4)
  5 tarantellas
  3 tarantella zombies (Spider:4)
  A culicivora zombie (Spider:4)
  7 jumping spiders
  An air elemental (Elf:1)
  An ettin skeleton (Vaults:4)
  5 culicivoras
  12 redbacks
  A yaktaur simulacrum (Vaults:4)
  2 human zombies (Vaults:1)
  A naga (shapeshifter) (Elf:3)
  A glowing shapeshifter skeleton (Vaults:4)
  A boggart (Vaults:2)
  A human simulacrum (Vaults:2)
  8 gnolls
  An orc (D:5)
220 creatures vanquished.

Vanquished Creatures (others)
  A deep elf master archer (Elf:3)
  A deep elf sorcerer (Elf:3)
  A vault warden (Vaults:4)
  An emperor scorpion (Spider:4)
  A very ugly thing (Vaults:4)
  An ironbound preserver (Vaults:4)
  An ironbound thunderhulk (Vaults:3)
  A deep elf annihilator (Elf:3)
  A deep elf high priest (Elf:3)
  An ironbound frostheart (Vaults:4)
  A radroach (Spider:4)
  A death scarab (Spider:4)
  3 deep elf knights
  2 pharaoh ants
  A deep troll (Vaults:2)
  A deep elf archer (Elf:1)
  4 deep elf pyromancers
  A harpy (Vaults:1)
  A necromancer (Vaults:2)
  An ugly thing (Vaults:1)
  2 orc knights (Vaults:3)
  4 deep elf zephyrmancers
  3 wolf spiders
  A torpor snail (Spider:3)
  2 vault sentinels
  3 dancing weapons
  A yaktaur (Vaults:3)
  A demonic crawler (Spider:1)
  3 tarantellas
  A slime creature (Vaults:3)
  2 jumping spiders (Spider:4)
  2 culicivoras (Spider:4)
  2 water elementals (Elf:1)
  An air elemental (Elf:1)
  7 humans (D:12)
  4 redbacks
  A floating eye (shapeshifter) (Elf:3)
  An ogre (shapeshifter) (Elf:1)
  3 centaurs (D:13)
  An orc wizard (Orc:2)
  An orc (Orc:2)
  34 fungi
  33 plants
139 creatures vanquished.

Grand Total: 1351 creatures vanquished

Notes
Turn   | Place    | Note
-------+----------+-------------------------------------------
     0 | D:1      | Fonys the Spriggan Enchanter began the quest for the Orb.
     0 | D:1      | Reached XP level 1. HP: 9/9 MP: 5/5
   498 | D:1      | Reached XP level 2. HP: 13/13 MP: 7/7
   506 | D:1      | Learned a level 2 spell: Ensorcelled Hibernation
   915 | D:2      | Reached XP level 3. HP: 16/16 MP: 9/9
   919 | D:2      | Learned a level 3 spell: Tukima's Dance
   923 | D:2      | Learned a level 3 spell: Confusing Touch
  1367 | D:2      | Found a faded altar of an unknown god.
  1705 | D:3      | Reached XP level 4. HP: 21/21 MP: 8/11
  1709 | D:3      | Learned a level 3 spell: Dazzling Flash
  1810 | D:3      | Reached skill level 5 in Hexes
  2508 | D:4      | Reached skill level 5 in Spellcasting
  2508 | D:4      | Reached XP level 5. HP: 24/24 MP: 11/13
  2641 | D:4      | Found Jogih's Weapon Shop.
  2655 | D:4      | Noticed an ogre
  2661 | D:4      | Killed an ogre
  2662 | D:4      | Reached skill level 5 in Stealth
  2662 | D:4      | Reached XP level 6. HP: 28/28 MP: 11/15
  2719 | D:4      | Noticed Dowan
  2720 | D:4      | Noticed Duvessa
  2735 | D:4      | Killed Duvessa
  2736 | D:4      | Reached skill level 6 in Stealth
  2743 | D:4      | Killed Dowan
  3127 | D:4      | Reached XP level 7. HP: 11/32 MP: 7/17
  3592 | D:5      | Entered Level 5 of the Dungeon
  3620 | D:5      | Reached skill level 7 in Stealth
  3815 | D:5      | Identified a scroll of acquirement
  3815 | D:5      | Acquired the +1 cloak of Intuition {rElec rPois}
  3933 | D:5      | Noticed a troll
  3948 | D:5      | Killed a troll
  3949 | D:5      | Reached skill level 8 in Stealth
  4009 | D:5      | Found Sysues's Armour Emporium.
  4081 | D:5      | Reached XP level 8. HP: 36/36 MP: 17/20
  4709 | D:6      | Reached skill level 9 in Stealth
  5430 | D:7      | Found a bloodstained altar of Trog.
  5450 | D:7      | Found a sparkling altar of Nemelex Xobeh.
  5450 | D:7      | Found a hide-covered altar of Uskayaw.
  5450 | D:7      | Found an ancient bone altar of Kikubaaqudgha.
  5453 | D:7      | Found a blossoming altar of Fedhas.
  5768 | D:7      | Found a staircase to the Ecumenical Temple.
  5781 | Temple   | Entered the Ecumenical Temple
  5832 | Temple   | Became a worshipper of Dithmenos the Shadowed
  6081 | D:7      | Reached skill level 10 in Stealth
  6297 | D:7      | Reached XP level 9. HP: 39/39 MP: 22/22
  6408 | D:7      | Noticed an unseen horror
  6413 | D:7      | Killed an unseen horror
  6416 | D:7      | Reached skill level 11 in Stealth
  7018 | D:8      | Reached skill level 10 in Hexes
  7209 | D:8      | Reached skill level 12 in Stealth
  7209 | D:8      | Reached skill level 10 in Spellcasting
  7211 | D:8      | Reached * piety under Dithmenos
  7279 | D:8      | Noticed a manticore
  7285 | D:8      | Killed a manticore
  7520 | D:8      | Reached XP level 10. HP: 44/44 MP: 22/25
  7799 | D:9      | Reached skill level 13 in Stealth
  8141 | D:9      | Reached ** piety under Dithmenos
  8196 | D:9      | Found a runed translucent gate.
  8196 | D:9      | Found a runed translucent gate.
  8197 | D:9      | Found a runed translucent gate.
  8199 | D:9      | Noticed mn3067's ghost (journeyman MiGl)
  8299 | D:9      | Reached skill level 14 in Stealth
  8583 | D:9      | Identified the +3 leather armour of Elyvilon's Generosity
                  | {Int+7}
  8814 | D:10     | Entered Level 10 of the Dungeon
  8814 | D:10     | Found a staircase to the Orcish Mines.
  8858 | D:10     | Found a white marble altar of Elyvilon.
  9070 | D:10     | Found Erghueck's Book Boutique.
  9189 | D:10     | Identified the +2 hat "Cywir" {rF++}
  9465 | D:10     | Noticed Maggie
  9476 | D:10     | Killed Maggie
  9477 | D:10     | Noticed Urug
  9486 | D:10     | Killed Urug
  9487 | D:10     | Reached XP level 11. HP: 18/47 MP: 14/28
 10138 | D:11     | Reached skill level 15 in Stealth
 10167 | D:11     | Found a gate leading to a gauntlet.
 10183 | Gauntlet | Entered a Gauntlet
 10183 | Gauntlet | Found a transporter.
 10188 | Gauntlet | Noticed a tengu warrior
 10193 | Gauntlet | Found a transporter.
 10196 | Gauntlet | Found a transporter.
 10197 | Gauntlet | Found a transporter.
 10200 | Gauntlet | Noticed a wizard
 10206 | Gauntlet | Found a transporter.
 10208 | Gauntlet | Found a transporter.
 10209 | Gauntlet | Found a transporter.
 10210 | Gauntlet | Noticed a minotaur
 10218 | Gauntlet | Noticed a wizard
 10221 | Gauntlet | Found a transporter.
 10222 | Gauntlet | Found a transporter.
 10224 | Gauntlet | Noticed a large abomination
 10226 | Gauntlet | Found a transporter.
 10228 | Gauntlet | Found a runed translucent gate.
 10228 | Gauntlet | Found a runed translucent gate.
 10229 | Gauntlet | Found a runed translucent gate.
 10230 | Gauntlet | Found a transporter.
 10233 | Gauntlet | Found a transporter.
 10234 | Gauntlet | Found a transporter.
 10238 | Gauntlet | Noticed a red ugly thing
 10238 | Gauntlet | Noticed a glowing orange brain
 10241 | Gauntlet | Noticed a red ugly thing
 10243 | Gauntlet | Found a transporter.
 10243 | Gauntlet | Noticed a glowing orange brain
 10510 | Gauntlet | Killed a wizard
 10572 | Gauntlet | Killed a minotaur
 10573 | Gauntlet | Reached skill level 1 in Fighting
 10774 | D:11     | Found a staircase to the Lair.
 10777 | D:11     | Reached *** piety under Dithmenos
 10977 | D:11     | Noticed a two-headed ogre
 10987 | D:11     | Killed a two-headed ogre
 11062 | D:11     | Noticed a two-headed ogre
 11073 | D:11     | Killed a two-headed ogre
 11192 | D:11     | Noticed a boulder beetle
 11220 | D:11     | Killed a boulder beetle
 11350 | D:11     | Found a glowing silver altar of Zin.
 11839 | D:12     | Noticed a purple ugly thing
 11846 | D:12     | Killed a purple ugly thing
 11847 | D:12     | Reached skill level 5 in Dodging
 11984 | D:12     | Reached skill level 16 in Stealth
 12540 | D:12     | Reached XP level 12. HP: 56/56 MP: 22/30
 12548 | D:12     | Reached **** piety under Dithmenos
 12604 | D:12     | Noticed Kirke
 12622 | D:12     | Killed Kirke
 12945 | D:13     | Noticed Nessos
 13009 | D:13     | Killed Nessos
 13082 | D:13     | Noticed Jorgrun
 13091 | D:13     | Killed Jorgrun
 13092 | D:13     | Reached skill level 5 in Short Blades
 13480 | D:13     | Noticed a boulder beetle
 13490 | D:13     | Killed a boulder beetle
 13632 | D:13     | Noticed a tengu warrior
 13638 | D:13     | Killed a tengu warrior
 13664 | D:13     | Noticed Josephine
 13692 | D:13     | Killed Josephine
 13693 | D:13     | Reached skill level 17 in Stealth
 13929 | D:13     | Noticed a centaur warrior
 13938 | D:13     | Killed a centaur warrior
 14172 | D:13     | Noticed a two-headed ogre
 14177 | D:13     | Killed a two-headed ogre
 14193 | D:13     | Found a gate to the Vaults.
 14292 | D:14     | Noticed a centaur warrior
 14304 | D:14     | Killed a centaur warrior
 14316 | D:14     | Reached XP level 13. HP: 58/63 MP: 22/32
 15202 | D:14     | Reached skill level 5 in Fighting
 15294 | D:14     | Found a portal to a secret trove of treasure.
 15866 | Lair:1   | Entered Level 1 of the Lair of Beasts
 15903 | Lair:1   | Learned a level 1 spell: Apportation
 16305 | Lair:1   | Reached skill level 18 in Stealth
 16951 | Lair:2   | Found a hole to the Spider Nest.
 17234 | Lair:2   | Reached ***** piety under Dithmenos
 17254 | Lair:2   | Identified the +5 mace of Irritation {vamp, rElec rF- rCorr
                  | Dex-4}
 17372 | Lair:2   | Gained mutation: You are frail. (-10% HP) [potion of
                  | mutation]
 18044 | Lair:3   | Noticed Prince Ribbit
 18063 | Lair:3   | Killed Prince Ribbit
 18064 | Lair:3   | Reached skill level 15 in Hexes
 18340 | Lair:3   | Reached skill level 10 in Dodging
 18458 | Lair:3   | Found a transporter.
 18459 | Lair:3   | Lost mutation: You are frail. (-10% HP) [potion of
                  | mutation]
 18459 | Lair:3   | Gained mutation: You are weak. (Str -2) [potion of
                  | mutation]
 18459 | Lair:3   | Lost strength.
 18459 | Lair:3   | Gained mutation: You are very weak. (Str -4) [potion of
                  | mutation]
 18471 | Lair:3   | Noticed Kosuged's ghost (journeyman DgDe)
 18755 | Lair:3   | Reached XP level 14. HP: 70/70 MP: 29/33
 18827 | Lair:3   | Found a staircase to the Shoals.
 18967 | Lair:3   | Found a transporter.
 19105 | Lair:4   | Reached skill level 15 in Spellcasting
 19285 | Lair:4   | Found a staircase to the Slime Pits.
 19286 | Lair:4   | Found a viscous altar of Jiyva.
 20371 | D:15     | Entered Level 15 of the Dungeon
 20393 | D:15     | Found a staircase to the Depths.
 20398 | D:15     | Reached skill level 19 in Stealth
 21496 | Lair:5   | Entered Level 5 of the Lair of Beasts
 21688 | Lair:5   | Found a frozen archway.
 21704 | IceCv    | Entered an ice cave
 21763 | IceCv    | Reached ****** piety under Dithmenos
 22039 | IceCv    | Noticed a reaper
 22081 | IceCv    | Killed a reaper
 22082 | IceCv    | Reached XP level 15. HP: 48/75 MP: 30/35
 22677 | Lair:5   | Reached skill level 10 in Short Blades
 23422 | Lair:5   | Learned a level 4 spell: Cause Fear
 23459 | Lair:5   | Reached skill level 20 in Stealth
 23840 | Lair:5   | Found a burning altar of Makhleb.
 23841 | Lair:5   | Found a gateway to Hell.
 24019 | Lair:5   | Identified the +8 flail "Ynug" {vorpal, Stlth+}
 24337 | Orc:1    | Entered Level 1 of the Orcish Mines
 24360 | Orc:1    | Found Mirph's Jewellery Boutique.
 24391 | Orc:1    | Found a dark tunnel.
 24399 | Volcano  | Entered a volcano
 25129 | Orc:2    | Entered Level 2 of the Orcish Mines
 25208 | Orc:2    | Found a staircase to the Elven Halls.
 25363 | Orc:2    | Found Hyxtum's Book Shop.
 25363 | Orc:2    | Found Sodusmivu's Book Emporium.
 25395 | Orc:2    | Bought a book of Hexes for 468 gold pieces
 25404 | Orc:2    | Learned a level 8 spell: Discord
 25523 | Orc:2    | Found Suojul's Antique Armour Emporium.
 25579 | Orc:2    | Found Kethruse's Distillery.
 25624 | Orc:2    | Bought a potion of invisibility for 112 gold pieces
 25624 | Orc:2    | Bought a potion of flight for 42 gold pieces
 25624 | Orc:2    | Bought 2 potions of might for 112 gold pieces
 25624 | Orc:2    | Bought 3 potions of curing for 126 gold pieces
 25624 | Orc:2    | Bought a potion of magic for 112 gold pieces
 25624 | Orc:2    | Bought a potion of curing for 42 gold pieces
 25624 | Orc:2    | Bought a potion of mutation for 112 gold pieces
 25624 | Orc:2    | Lost mutation: You are very weak. (Str -4) [potion of
                  | mutation]
 25624 | Orc:2    | Lost mutation: You are weak. (Str -2) [potion of mutation]
 25624 | Orc:2    | Gained mutation: You are robust. (+10% HP) [potion of
                  | mutation]
 25624 | Orc:2    | Gained mutation: Your spells are a little harder to cast,
                  | but a little more powerful. [potion of mutation]
 25624 | Orc:2    | Gained mutation: You expend magic power (3 MP) to
                  | strengthen your wands. [potion of mutation]
 25624 | Orc:2    | Gained mutation: You are agile. (Dex +4, Str/Int -1)
                  | [potion of mutation]
 26515 | Spider:1 | Entered Level 1 of the Spider Nest
 26526 | Spider:1 | Found a one-way gate to the infinite horrors of the Abyss.
 26527 | Spider:1 | Found a corrupted altar of Lugonu.
 27816 | Spider:2 | Reached XP level 16. HP: 89/89 MP: 23/37
 28238 | Spider:2 | Identified the +7 chain mail "Wiulink" {rElec rC+ rN+
                  | Int-4}
 28807 | Spider:3 | Reached skill level 21 in Stealth
 28868 | Spider:3 | Found a transporter.
 28868 | Spider:3 | Found a transporter.
 28874 | Spider:3 | Identified the amulet "Itriozi" {Acrobat Str+5 Int+2}
 28910 | Spider:3 | Noticed Apeheil's ghost (adept HuAr)
 28911 | Spider:3 | Noticed Lurphuyll's ghost (adept SpEn)
 29369 | Spider:4 | Entered Level 4 of the Spider Nest
 30634 | Spider:4 | Reached XP level 17. HP: 55/96 MP: 23/39
 30797 | Spider:4 | Noticed Arachne
 30823 | Spider:4 | Killed Arachne
 30925 | Spider:4 | Got a gossamer rune of Zot
 31247 | Vaults:1 | Entered Level 1 of the Vaults
 31300 | Vaults:1 | Reached skill level 22 in Stealth
 31546 | Vaults:1 | Reached skill level 15 in Dodging
 31886 | Vaults:1 | Learned a level 2 spell: Blink
 32392 | Vaults:1 | Reached skill level 10 in Fighting
 33619 | Vaults:2 | Found Hubix's General Store.
 33632 | Vaults:2 | Bought a potion of heal wounds for 100 gold pieces
 33632 | Vaults:2 | Bought a potion of curing for 60 gold pieces
 33819 | Vaults:2 | Reached skill level 23 in Stealth
 33825 | Vaults:2 | Reached XP level 18. HP: 104/104 MP: 41/41
 33835 | Vaults:2 | Identified the +0 pair of gloves of the Stone Wall {rElec
                  | rF+}
 34908 | Vaults:3 | Noticed a lich
 34910 | Vaults:3 | Found a staircase to the Crypt.
 34911 | Vaults:3 | Killed a lich
 36623 | Vaults:4 | Noticed Mennas
 36628 | Vaults:4 | Killed Mennas
 36859 | Vaults:4 | Reached skill level 24 in Stealth
 37204 | Vaults:4 | Got the Compendium of Floating Battling
 37589 | Vaults:4 | Reached XP level 19. HP: 110/110 MP: 40/43
 38050 | Elf:1    | Entered Level 1 of the Elven Halls
 38054 | Elf:1    | Paralysed by an air elemental for 1 turns
 38079 | Elf:1    | Paralysed by an air elemental for 1 turns
 38106 | Elf:1    | Paralysed by an air elemental for 1 turns
 38284 | D:10     | Bought a book of Armaments for 432 gold pieces
 38289 | D:10     | Learned a level 3 spell: Stone Arrow
 38620 | Elf:1    | Found Wocw's Weapon Boutique.
 39836 | Elf:2    | Found a runed translucent gate.
 39836 | Elf:2    | Found a runed translucent gate.
 39836 | Elf:2    | Found a runed translucent gate.
 40280 | Elf:2    | Got the Essays on the Earthen Legion
 41020 | Elf:3    | Entered Level 3 of the Elven Halls
 41078 | Elf:3    | Found Waquc's Weapon Emporium.
 41233 | Elf:3    | Noticed Roxanne
 41437 | Elf:3    | Identified the +1 chain mail of the Kraken {Regen+ Str-2
                  | Dex+2 SInv}
 42041 | Elf:3    | Reached skill level 25 in Stealth
 42550 | Elf:3    | HP: 3/166 [deep elf blademaster/+2 rapier of venom (8)]
 42555 | Elf:3    | HP: 1/111 [poisoned by a deep elf blademaster]
 42556 | Elf:3    | Demolished by a deep elf blademaster

Illustrated notes

Levels and vault maps discovered:
D:1:      wander_arrival_abandoned_jail, layout_basic, minmay_distorted
D:2:      layout_loops_ring, hellmonk_ecumenical_altar_crossroads
D:3:      layout_basic
D:4:      layout_basic, serial_shops, nicolae_shop_bloodbath_and_beyond,
          uniq_duvessa
D:5:      layout_rooms, serial_shops, nicolae_shop_waterfront
D:6:      layout_basic
D:7:      layout_loops_corners, bloody_trog, minitemple,
          minmay_temple_entry_trees, kennysheep_dice
D:8:      layout_basic, minivault_25
D:9:      layout_roguey, gammafunk_ghost_nasty_kobolds
D:10:     layout_loops_corners, nicolae_elyvilon_temple_path, orc_0_dummy,
          nicolae_inconvenience_store, uniq_maggie, uniq_urug
D:11:     layout_layer_cave, grunt_lair_entry_orc_guard_hut,
          gauntlet_entry_generic, zin_statuary
D:12:     layout_irregular_city, minmay_nine_imps, uniq_kirke
D:13:     layout_irregular_city, david_vaults_4, uniq_josephine, uniq_jorgrun,
          uniq_nessos
D:14:     layout_loops_cross, enter_trove_5, kennysheep_nub, grunt_ministairs_2,
          kennysheep_two_boxes
D:15:     hangedman_depths_entry_try_elsewhere_first, layout_basic,
          st_stairs_13, serial_bayou_pond_c, minmay_circle_x
Temple:   regret_index_temple_sphere_string
Lair:1:   layout_chaotic_city, roderic_batcave, lemuel_fruit_tree,
          serial_bayou_shore_b, lemuel_fruit_fields, serial_bayou_shore_b,
          grunt_megastairs_2, serial_bayou_shore_a
Lair:2:   layout_layer_cave, spider_nest_entry_a,
          cheibrodos_lair_caveside_slide, infiniplex_staircase_pool_2,
          grunt_megastairs_3
Lair:3:   layout_concentric_octagons, shoals_dummy_entry,
          gammafunk_ghost_berserking_beasts, uniq_prince_ribbit2
Lair:4:   layout_long_grid, slime_entry_1, kilobyte_rumbling_trees,
          grunt_megastairs_4, serial_bayou_shore_b
Lair:5:   evil_forest, layout_regular_city, portal_ice_cave_entry_pillars_1,
          infiniplex_staircase_pool
Spider:1: layout_chambers, drop_trap, amcnicky_altar_lugonu_corruption
Spider:2: layout_spider_delve
Spider:3: layout_spider_delve, nzn_ghost_randoct
Spider:4: floodkiller_spider_rune_tomb, uniq_arachne
Orc:1:    layout_caves, enter_volcano_3, serial_shops, shop_statue, basic_altar
Orc:2:    st_orc_town, layout_caves
Elf:1:    elf_arrival_002, layout_loops_cross, serial_shops,
          nicolae_square_shop, minivault_28, nicolae_elf_crossing_hall
Elf:2:    elven_hall_of_blades_hangedman_original [nicolae_blade_little_rooms],
          layout_onion_city
Elf:3:    nooodl_elf_gasket, layout_gridlike, serial_shops, shop_fountains,
          uniq_roxanne
Vaults:1: vaults_room_boxed, nicolae_vaults_network_s,
          vaults_standard_mumra_lines, hangedman_vaults_snaps,
          ontoclasm_vaults_ring_large, hangedman_vaults_capsules,
          vaults_mumra_bighexcomb, nicolae_vaults_sealed_display,
          nicolae_vaults_specimen_jars, grunt_vaults_bifocal,
          nicolae_vaults_rhombus_6, grunt_vaults_hallway_short,
          layout_vaults_omnicross
Vaults:2: v_misc_10, v_misc_33, hangedman_vaults_corner_blocks, v_rooms_4,
          hangedman_vaults_corner, v_misc_31, v_misc_27, v_alt_pattern_4,
          layout_vaults_maze_snakey, serial_shops, nicolae_lakefront_shop
Vaults:3: minmay_crypt_entry_nasty_monster, nicolae_vaults_network_square,
          nicolae_vaults_octagons, v_pattern_3, vaults_room_stairs_pillars,
          hangedman_vaults_hat, grunt_vaults_focal,
          nicolae_vaults_diagonal_hallway_6, vaults_mumra_chevron_long,
          hangedman_vaults_restitches, nicolae_vaults_rhombus_6,
          vaults_room_stairs_pillars, layout_vaults_ring
Vaults:4: hangedman_vaults_restitches, st_quartered_hall, nicolae_vaults_theta,
          ontoclasm_vaults_twist, layout_vaults_quadrants, uniq_mennas

Skill      XL: |  1  2  3  4  5  6  7  8  9 10 11 12 13 14 15 16 17 18 19 |
---------------+----------------------------------------------------------+-----
Spellcasting   | 3 4 5 6 7 8 10 12 13 14 15 16 17 18 19 20 | 20.3
Hexes          | 4 5 6 7 9 11 12 13 14 15 16 17 18 19 20 | 20.7
Stealth        | 5 6 8 10 12 14 16 17 18 19 20 21 23 24 25 | 25.1
Dodging        | 5 8 10 11 13 14 16 17 18 | 18.3
Fighting       | 2 4 6 7 8 9 10 11 12 | 12.0
Short Blades   | 4 6 8 9 10 12 | 12.0

Action                   |  1- 3 |  4- 6 |  7- 9 | 10-12 | 13-15 | 16-18 | 19-21 || total
-------------------------+-------+-------+-------+-------+-------+-------+-------++-------
Melee: Dagger            |    97 |    83 |   229 |   325 |  1063 |   491 |   203 ||  2491
       Punch             |     2 |       |     2 |     8 |    17 |     7 |     6 ||    42
 Cast: Ensorcelled Hiber |     4 |    17 |    28 |    68 |   254 |   115 |    18 ||   504
       Tukima's Dance    |       |     3 |    11 |     3 |     3 |       |     8 ||    28
       Confusing Touch   |       |     1 |     5 |    16 |    24 |    16 |     2 ||    64
       Dazzling Flash    |       |     1 |    10 |    30 |    34 |     9 |    21 ||   105
       Discord           |       |       |       |       |     3 |    44 |    33 ||    80
       Stone Arrow       |       |       |       |       |       |       |    44 ||    44
Invok: Shadow Step       |       |       |       |     1 |     4 |     3 |     2 ||    10
Evoke: Wand              |       |       |       |       |    13 |     3 |     2 ||    18
       Lightning rod     |       |       |       |       |     5 |     1 |       ||     6
  Use: Scroll            |    13 |     1 |    11 |     7 |     9 |     7 |    10 ||    58
       Potion            |       |       |       |     4 |    18 |     3 |     5 ||    30
 Stab: Sleeping          |    11 |    14 |    45 |    81 |   276 |   178 |    31 ||   636
       Distracted        |     1 |       |     1 |       |     7 |     7 |     2 ||    18
       Confused          |       |     1 |     4 |    15 |    23 |    21 |       ||    64
       Invisible         |       |       |     9 |    25 |    44 |     4 |     5 ||    87
Armor: Robe              |    10 |    10 |    33 |       |       |       |       ||    53
       Steam dragon scal |       |       |       |    69 |   105 |    47 |    29 ||   250
Dodge: Dodged            |    69 |    63 |   205 |   407 |  1053 |   523 |   249 ||  2569

Table legend: (Time is in decaauts)
 A = Elapsed time spent in this place.
 B = Non-inter-level travel time spent in this place.
 C = Inter-level travel time spent in this place.
 D = Time resting spent in this place.
 E = Time spent auto-exploring this place.
 F = Levels seen in this place.
 G = Mean time per level.
                   A        B        C        D        E       F      G
               +--------+--------+--------+--------+--------+-----+--------+
         Total |  31709 |  29734 |   1975 |   2469 |  20297 |  37 |  857.0 |
       Dungeon |  12680 |  11818 |    862 |    728 |   8867 |  15 |  845.3 |
        Temple |     45 |     32 |     13 |      0 |     22 |   1 |   45.0 |
          Lair |   5313 |   4941 |    372 |    152 |   3674 |   5 | 1062.6 |
   Spider Nest |   3327 |   3176 |    151 |    489 |   1795 |   4 |  831.8 |
  Orcish Mines |   1228 |   1101 |    127 |     45 |    706 |   2 |  614.0 |
   Elven Halls |   3204 |   3152 |     52 |    261 |   2113 |   3 | 1068.0 |
        Vaults |   4676 |   4280 |    396 |    639 |   2707 |   4 | 1169.0 |
      Ice Cave |    655 |    655 |      0 |    146 |    122 |   1 |  655.0 |
       Volcano |    177 |    177 |      0 |      8 |      8 |   1 |  177.0 |
      Gauntlet |    402 |    402 |      0 |      0 |    279 |   1 |  402.0 |
               +--------+--------+--------+--------+--------+-----+--------+

Top non-repeatable levels by time:
  Lair:4: 1394 daAuts
  Lair:5: 1345 daAuts
Vaults:3: 1336 daAuts
Vaults:1: 1324 daAuts
Spider:4: 1264 daAuts
    D:14: 1264 daAuts
   Elf:1: 1211 daAuts
    D:13: 1202 daAuts
Vaults:2: 1155 daAuts
   Elf:3: 1111 daAuts
    D:10: 1088 daAuts
    D:15: 1075 daAuts
  Lair:3: 1056 daAuts
     D:7: 953 daAuts
    D:11: 952 daAuts
